AoeStats
← Godlys

Arena

509296631Analyzed
4v4 RM · 7d ago on Sep 26, 2026· 63m 23s· 8 players
Game mode
Random Map
Map size
Large (8 player)
Population
200
Speed
Normal
Resources
Standard
Victory
Conquest
Starting age
Dark Age
Ending age
Imperial Age
RankedLock teamsTeams togetherTeam positionsShared explorationLock speedFull tech treeHidden civsTurbo modeCheats
Victory
Defeat
🇨🇳 Malay · China
1053
+16
🇨🇳 Mongols · China
1011
+17
🇨🇳 Poles · China
1008
+17
🇨🇳 Byzantines · China
1002
+17
🇳🇴 Khmer · Norway
1051
-50
🇺🇸 Persians · United States
1048
-17
🇨🇳 Franks · China
1045
-17
🇲🇽 Chinese · Mexico
1026
-16
danny dillinger
0:27 Loom
10:53 Feudal Age
11:40 Double-Bit Axe
13:14 Horse Collar
19:42 Castle Age
18:28 Fletching
19:55 Forging
21:30 Bow Saw
30:18 Imperial Age
28:26 Bodkin Arrow
28:33 Scale Mail Armor
28:24 Pikeman
30:27 Wheelbarrow
29:40 Town Watch
32:57 Thumb Ring
34:38 Bracer
34:39 Padded Archer Armor
35:15 Iron Casting
34:57 Chain Mail Armor
36:58 Leather Archer Armor
39:10 Chemistry
38:22 Fortified Wall
38:31 Gold Mining
38:32 Stone Mining
40:20 Conscription
40:13 Bloodlines
40:57 Light Cavalry
40:58 Cavalier
42:47 Blast Furnace
41:52 Scale Barding Armor
42:20 Ring Archer Armor
44:15 Heavy Plow
47:26 Squires
47:13 Arson
47:42 Great Wall
49:50 Ballistics
jlovert75
8:14 Loom
11:01 Feudal Age
12:06 Double-Bit Axe
12:26 Horse Collar
12:39 Gold Mining
17:29 Castle Age
18:06 Bow Saw
17:44 Pikeman
22:34 Gold Shaft Mining
25:17 Heavy Plow
29:55 Imperial Age
28:11 Forging
27:52 Town Watch
28:12 Stone Mining
28:42 Squires
29:05 Scale Mail Armor
29:41 Iron Casting
29:45 Stone Shaft Mining
29:31 Fletching
29:20 Crossbowman
30:05 Thumb Ring
31:19 Two-Man Saw
32:07 Chemistry
30:56 Halberdier
33:30 Bodkin Arrow
36:29 Cavalier
37:10 Husbandry
37:20 Bloodlines
39:51 Blast Furnace
38:39 Light Cavalry
40:23 Scale Barding Armor
42:33 Hussar
47:58 Savar
Godlys
9:52 Feudal Age
10:43 Loom
13:33 Castle Age
12:10 Double-Bit Axe
13:11 Horse Collar
18:15 Bow Saw
19:56 Heavy Plow
24:16 Wheelbarrow
23:49 Gold Mining
23:58 Stone Mining
26:10 Stone Shaft Mining
27:01 Hand Cart
30:11 Imperial Age
28:08 Scale Barding Armor
28:17 Bloodlines
28:07 Husbandry
28:26 Masonry
28:36 Ballistics
29:03 Gold Shaft Mining
29:46 Chain Barding Armor
30:59 Siege Engineers
31:55 Chemistry
30:58 Double Crossbow
30:45 Elite Ballista Elephant
32:27 Plate Barding Armor
46:05 Forging
45:24 Light Cavalry
46:09 Hussar
48:04 Iron Casting
57:31 Blast Furnace
56:22 Elite Battle Elephant
57:06 Tusk Swords
57:32 Conscription
Ken
10:45 Feudal Age
14:54 Castle Age
13:35 Double-Bit Axe
16:28 Loom
21:54 Wheelbarrow
22:12 Bow Saw
24:22 Hand Cart
25:34 Treadmill Crane
30:19 Imperial Age
30:18 Husbandry
30:25 Scale Barding Armor
30:31 Forging
30:41 Cavalier
33:05 Iron Casting
33:09 Gold Mining
33:09 Stone Mining
34:54 Chain Barding Armor
36:18 Conscription
37:04 Plate Barding Armor
37:30 Blast Furnace
37:32 Gold Shaft Mining
38:00 Murder Holes
39:05 Chemistry
38:26 Ballistics
38:37 Paladin
39:29 Scale Mail Armor
39:20 Fletching
40:50 Ordonnance Companies
43:02 Ballistics
43:31 Chivalry
44:50 Chain Mail Armor
44:30 Bodkin Arrow
44:36 Padded Archer Armor
49:15 Plate Mail Armor
49:00 Leather Archer Armor
48:40 Bodkin Arrow
53:27 Light Cavalry
TaiwanIsChina's
11:10 Feudal Age
12:13 Double-Bit Axe
17:42 Castle Age
16:34 Horse Collar
18:38 Bow Saw
21:37 Wheelbarrow
21:20 Heavy Plow
22:21 Fortified Wall
28:27 Imperial Age
25:57 Gold Mining
26:04 Elite Skirmisher
27:30 Hand Cart
28:16 Gold Shaft Mining
28:15 Ballistics
28:30 Padded Archer Armor
28:21 Fletching
30:18 Two-Man Saw
31:39 Chemistry
30:48 Bodkin Arrow
31:06 Capped Ram
32:39 Bracer
32:55 Leather Archer Armor
33:19 Thumb Ring
33:49 Treadmill Crane
34:05 Murder Holes
34:23 Crossbowman
35:46 Loom
36:49 Ring Archer Armor
36:20 Scale Mail Armor
36:39 Pikeman
37:20 Squires
37:16 Arbalester
37:56 Halberdier
39:03 Conscription
41:23 Crop Rotation
41:53 Chain Mail Armor
41:49 Forging
42:23 Arson
46:32 Caravan
46:25 Siege Ram
Dustin(SS)
10:46 Feudal Age
11:11 Loom
15:23 Castle Age
13:27 Horse Collar
14:09 Double-Bit Axe
18:14 Heavy Plow
21:16 Wheelbarrow
22:25 Gold Mining
22:53 Stone Mining
25:50 Hand Cart
25:22 Loom
25:25 Town Watch
29:09 Imperial Age
27:08 Treadmill Crane
28:12 Bow Saw
27:35 Man-at-Arms
28:57 Conscription
30:02 Chemistry
28:32 Long Swordsman
29:50 Forging
29:43 Forced Levy
29:46 Two-Handed Swordsman
31:17 Squires
31:02 Arson
32:42 Iron Casting
33:14 Conscription
33:04 Pikeman
33:53 Halberdier
47:23 Blast Furnace
60:57 Elite Skirmisher
62:06 Ballistics
雷欧
9:53 Feudal Age
13:56 Castle Age
11:54 Double-Bit Axe
12:10 Horse Collar
20:56 Bow Saw
21:06 Heavy Plow
22:34 Wheelbarrow
23:08 Gold Mining
23:08 Stone Mining
24:09 Hand Cart
28:23 Imperial Age
25:40 Loom
25:42 Town Watch
26:44 Gold Shaft Mining
27:00 Stone Shaft Mining
27:09 Fletching
27:52 Bodkin Arrow
27:58 Padded Archer Armor
28:14 Husbandry
28:24 Bloodlines
28:40 Ballistics
28:31 Masonry
28:34 Scale Barding Armor
30:24 Chemistry
29:35 Masonry
29:31 Siege Engineers
29:51 Conscription
30:01 Drill
29:47 Bracer
30:04 Leather Archer Armor
30:57 Parthian Tactics
30:37 Thumb Ring
29:55 Elite Steppe Lancer
30:04 Capped Ram
32:54 Chain Barding Armor
32:45 Forging
32:03 Siege Ram
32:05 Onager
32:12 Light Cavalry
32:45 Guard Tower
35:50 Iron Casting
36:43 Caravan
37:46 Siege Onager
39:36 Hussar
43:26 Elite Mangudai
44:41 Hoardings
43:37 Sappers
pacoyyds
11:34 Feudal Age
13:09 Horse Collar
13:15 Double-Bit Axe
16:09 Castle Age
17:22 Bow Saw
17:13 Heavy Plow
19:39 Fervor
23:54 Stone Mining
23:55 Gold Mining
26:07 Stone Shaft Mining
26:40 Wheelbarrow
26:39 Loom
28:02 Forging
27:58 Scale Barding Armor
29:29 Iron Casting
29:00 Murder Holes
28:45 Treadmill Crane
29:16 Masonry
29:28 Hand Cart
28:59 Town Watch
32:30 Imperial Age
30:20 Szlachta Privileges
31:27 Fortified Wall
31:40 Chain Barding Armor
31:25 Husbandry
31:38 Bloodlines
30:51 Light Cavalry
32:32 Town Patrol
32:45 Cavalier
33:54 Conscription
33:54 Lechitic Legacy
34:33 Crop Rotation
35:08 Blast Furnace
33:59 Fletching
35:14 Chemistry
35:43 Winged Hussar
43:07 Hoardings
43:01 Onager
45:38 Siege Engineers
45:54 Ballistics
45:19 Arrowslits
59:29 Hoardings
59:05 Bodkin Arrow
62:14 Bracer
Connection lost

Rejoining the realm…

Still unreachable

The connection could not be restored.

Session expired

The server has moved on; the page needs a fresh start.